Map: Ice and Chrome LE

Players

liquidthermy (uThermal)

  • Race: Terran Terran
  • Spawn Location: 1:00

Neeblet (Neeb) - Winner!

  • Race: Protoss Protoss
  • Spawn Location: 7:00

Event: StayAtHomestory Cup #2

VOD

Have the link to the VOD?

Description

Time

  • Played on: June 12, 2020, 11:50 a.m.
  • Length: 9:06

All games in this series

Show
View Real Time Build Order
Export as new Build Order

liquidthermy Terran 

Build Orders: Reaper Expand 

Get SALT Encoding   

  12  0:01  SCV  
  13  0:13  SCV  
  14  0:17  Supply Depot  
  14  0:25  SCV  
  15  0:39  SCV  
  15  0:41  Barracks  
  16  0:43  Refinery  
  16  0:51  SCV  
  17  1:03  SCV  
  18  1:15  SCV  
  19  1:28  Orbital Command, Reaper  
  20  1:42  Command Center  
  20  1:49  Supply Depot  
  20  1:54  SCV  
  20  2:00  Marine  
  22  2:06  SCV  
  23  2:08  Factory  
  23  2:13  Refinery  
  23  2:17  Bunker  
  23  2:20  Barracks Reactor  
  23  2:23  SCV  
  24  2:35  SCV  
  25  2:47  SCV  
  26  2:52  Hellion  
  26  2:53  Starport  
  26  2:55  Orbital Command  
  28  2:59  SCV  
  28  3:00  Marine  
  28  3:01  Marine  
  31  3:12  SCV  
  32  3:13  Factory Tech Lab  
  32  3:18  Marine  
  32  3:19  Marine  
  34  3:21  SCV  
  34  3:24  SCV  
  36  3:29  Viking  
  36  3:32  Cyclone  
  36  3:34  SCV  
  42  3:37  Refinery  
  42  3:39  Marine  
  42  3:40  Marine  
  44  3:48  SCV x2, Supply Depot  
  43  4:00  SCV  
  43  4:01  SCV  
  45  4:04  Supply Depot  
  45  4:10  Siege Tank, Viking  
  45  4:13  Marine, Viking  
  45  4:17  SCV  
  54  4:22  Supply Depot  
  54  4:26  SCV  
  54  4:29  SCV  
  56  4:31  Marine  
  56  4:38  SCV  
  58  4:40  Viking  
  58  4:44  Siege Tank, Viking  
  58  4:45  Supply Depot  
  65  4:49  Marine  
  65  4:50  Engineering Bay  
  65  4:52  SCV  
  67  4:53  SCV  
  67  4:59  Supply Depot  
  68  5:04  SCV  
  68  5:05  SCV  
  70  5:10  Viking  
  72  5:14  Viking  
  72  5:17  Missile Turret x2  
  72  5:20  Siege Tank  
  72  5:21  SCV  
  78  5:28  SCV, Marine  
  79  5:29  Supply Depot  
  79  5:33  SCV  
  81  5:40  Viking  
  83  5:44  Viking  
  85  5:51  Bunker  
  85  5:53  Bunker  
  85  5:55  Bunker  
  85  6:04  Siege Tank  
  85  6:07  SCV  
  89  6:11  Viking  
  89  6:12  SCV, Marine  
  83  6:19  SCV  
  83  6:24  SCV, Viking  
  76  6:29  Marine  
  76  6:31  SCV  
  74  6:36  Siege Tank  
  78  6:40  Barracks x2  
  78  6:43  Viking  
  78  6:48  Refinery  
  59  6:54  Viking  
  77  6:55  SCV  
  77  6:58  Marine  
  80  7:08  Siege Tank  
  80  7:11  SCV  
  80  7:13  Viking  
  84  7:16  Marine  
  84  7:29  Viking  
  82  7:34  Marine  
  74  7:38  Marine  
  74  7:43  Viking  
  60  7:52  Bunker  
  60  7:53  Bunker  
  60  8:01  Siege Tank  
  52  8:25  Viking  
  52  8:31  Marine  
  52  8:33  Siege Tank  
  52  8:34  Viking  
  51  8:37  Marine  
  52  8:41  Marine  
  53  8:51  Bunker  
Show
View Real Time Build Order
Export as new Build Order

Neeblet Protoss - Winner!

Build Orders: 1 Gate Expand, Oracle Opening, Phoenix Opening 

Get SALT Encoding   

  12  0:00  Probe  
  13  0:12  Probe  
  14  0:17  Pylon  
  14  0:23  Probe  
  15  0:31  Probe  
  16  0:38  Gateway  
  16  0:39  Probe  
  16  0:45  Assimilator  
  17  0:51  Probe  
  18  1:03  Probe  
  19  1:15  Probe  
  20  1:23  Nexus  
  20  1:36  Probe  
  20  1:37  Cybernetics Core  
  20  1:45  Assimilator  
  20  1:48  Probe  
  20  1:51  Pylon  
  21  1:57  Probe  
  22  2:03  Stalker  
  22  2:05  Probe  
  22  2:14  Probe  
  26  2:25  Stargate  
  26  2:26  Probe  
  27  2:31  Probe  
  27  2:33  Warp Gate  
  28  2:38  Adept, Probe  
  28  2:40  Probe  
  31  2:50  Probe  
  33  2:51  Probe  
  33  2:56  Pylon  
  34  2:58  Oracle  
  34  3:02  Probe  
  34  3:03  Probe  
  36  3:11  Adept  
  41  3:15  Probe x2  
  43  3:21  Pylon  
  43  3:27  Probe, Gateway  
  44  3:29  Probe  
  45  3:35  Phoenix  
  45  3:39  Probe  
  45  3:40  Probe  
  48  3:49  Probe  
  48  3:51  Probe  
  48  3:53  Gateway  
  50  3:55  Assimilator  
  50  3:57  Probe  
  50  3:58  Assimilator  
  51  4:03  Probe, Phoenix  
  51  4:07  Probe  
  55  4:14  Robotics Facility  
  55  4:15  Probe  
  56  4:17  Pylon  
  56  4:19  Probe  
  57  4:24  Sentry  
  57  4:26  Pylon  
  57  4:27  Probe  
  60  4:31  Probe  
  60  4:36  Phoenix  
  63  4:39  Probe, Pylon  
  63  4:43  Probe  
  65  4:51  Probe  
  66  4:55  Nexus  
  66  5:01  Phoenix  
  66  5:06  Robotics Bay  
  68  5:11  Immortal  
  72  5:14  Stalker  
  72  5:19  Adept x2  
  78  5:24  Pylon  
  78  5:27  Phoenix  
  80  5:29  Probe  
  80  5:30  Probe  
  82  5:42  Adept  
  84  5:43  Stalker x2  
  84  5:45  Shield Battery  
  88  5:52  Phoenix  
  90  6:04  Pylon x2  
  90  6:06  Stalker  
  90  6:07  Stalker  
  88  6:15  Stalker  
  88  6:18  Phoenix  
  77  6:20  Colossus, Probe  
  77  6:22  Probe  
  73  6:27  Probe  
  73  6:30  Probe  
  73  6:31  Probe  
  81  6:35  Probe  
  81  6:38  Probe  
  81  6:39  Probe, Assimilator  
  83  6:40  Assimilator  
  83  6:43  Probe, Phoenix  
  83  6:46  Probe  
  87  6:48  Probe  
  87  6:52  Extended Thermal Lance  
  90  6:54  Probe  
  90  6:57  Pylon  
  90  6:58  Probe  
  90  7:00  Probe  
  93  7:02  Pylon  
  93  7:03  Colossus  
  93  7:07  Probe  
  94  7:13  Stalker x3  
  100  7:19  Probe x2  
  108  7:23  Pylon x2  
  108  7:24  Shield Battery  
  106  7:36  Phoenix  
  96  7:37  Zealot x3  
  100  7:46  Probe  
  100  7:47  Colossus  
  97  7:53  Gateway  
  97  7:54  Gateway  
  97  7:57  Gateway  
  101  8:01  Adept x3  
  101  8:03  Phoenix  
  89  8:22  Stalker x3  
  85  8:28  Phoenix  
  73  8:44  Nexus  
  73  8:47  Stalker  
  73  8:48  Stalker x3  
  87  8:52  Stalker  
  87  8:53  Stalker  
Tags
 
Add a new tag
Caveats
  • Supply blocks, unpowered buildings, or Contaminate may cause inaccurate times.
  • Supply counts are checked every 10 seconds.